 Dungeon Crawl Stone Soup version 0.28.0-43-g3370ac3207 (webtiles) character file.

Game seed: 1354413953846188022

35 Destapler the Chopper (level 3, 32/32 HPs)
             Began as a Deep Dwarf Gladiator on Mar 4, 2022.
             Was a Follower of Qazlal.
             Got out of the dungeon alive.
             The game lasted 00:01:49 (578 turns).

Destapler the Chopper (Deep Dwarf Gladiator)         Turns: 578, Time: 00:01:50

Health: 32/32      AC:  4    Str: 19    XL:     3   Next: 16%
Magic:  2/2        EV: 13    Int:  8    God:    Qazlal [*.....]
Gold:   0          SH:  1    Dex: 14    Spells: 2/2 levels left

rFire   . . .      SeeInvis .   a - +0 war axe
rCold   . . .      Faith    .   (no shield)
rNeg    . . .      Spirit   .   b - +0 leather armour
rPois   .          Reflect  .   c - +0 helmet
rElec   .          Harm     .   (no cloak)
rCorr   .          Rampage  .   (no gloves)
Will    .....                   (no boots)
Stlth   +.........              (no amulet)
HPRegen 0.00/turn               (no ring)
MPRegen 0.08/turn               (no ring)

@: no status effects
A: damage resistance, heal wounds, sense surroundings 1, no regeneration
a: Heal Wounds, Renounce Religion


You escaped.
You worshipped Qazlal.
Qazlal was aware of your devotion.
You visited 1 branch of the dungeon, and saw 1 of its levels.

Inventory:

Hand Weapons
 a - a +0 war axe (weapon)
Missiles
 d - 3 throwing nets (quivered)
Armour
 b - a +0 leather armour (worn)
 c - a +0 helmet (worn)
Scrolls
 e - a scroll of amnesia {unknown}
 g - a scroll of noise {unknown}
 h - a scroll of identify {unknown}
Potions
 f - a potion of ambrosia {unknown}
 i - a potion of attraction {unknown}


   Skills:
 + Level 2.0 Fighting
 + Level 3.6 Axes
 + Level 2.0 Throwing
 + Level 1.0 Armour
 + Level 3.6 Dodging
 + Level 1.2 Stealth


You had 2 spell levels left.
You didn't know any spells.
Your spell library contained the following spells:

 Spells                   Type           Power      Damage    Failure   Level
 Sandblast                Erth           0%         2d4       45%         1
 Passwall                 Tmut/Erth      0%         N/A       61%         2
 Stone Arrow              Conj/Erth      0%         3d7       83%         3


Dungeon Overview and Level Annotations

Branches:
Dungeon (1/15)

Altars:
Qazlal


Innate Abilities, Weirdness & Mutations

You are resistant to damage.
You can heal yourself by infusing magical energy.
You passively map a small area around you.
You do not regenerate.


Message History

The jackal barks!
You hear a bark!
A jackal comes into view.
The jackal closely misses you.
A ball python comes into view.
The jackal completely misses you.
The ball python hisses angrily.
You hit the jackal but do no damage.
The jackal bites you but does no damage. x2
The jackal barks!
You slash the jackal!
You kill the jackal!
You hear a bark!
You hit the jackal.
The jackal is moderately wounded.
A jackal comes into view.
The jackal bites you but does no damage.
You slash the jackal!
You kill the jackal!
The ball python bites you. The ball python barely misses you.
You slash the ball python!
You kill the ball python!
You hit the jackal.
The jackal bites you but does no damage. x2
You slash the jackal!
You kill the jackal!
No target in view!
No target in view!
Found 17 arrows.
There is a faded altar of an unknown god here.
You cannot tell which god this altar belongs to.
Convert to them anyway?
Qazlal accepts your prayer! Qazlal welcomes you!
Qazlal grants you and your divine allies immunity to clouds.
You are now surrounded by a storm.
You see here a bat corpse.
You see here a bat corpse.
There is an open door here.
There is a staircase leading out of the dungeon here.
Are you sure you want to leave the Dungeon?
This will make you lose the game!
You have escaped!

#.#.###.###....#
#.#..##.###....#
######.##.#.........#
#...................#
#......###..........###
#......# #.......#####.
#......# ##......# #.
####.######..#...# #†
#.+@'.#.......# #.
#####.........# #.
#####.....#.# #.
#.........#.#####+
#.........#.#.....
#.........#.#.....
#.................
#.................
###'##......).....


There were no monsters in sight!

Vanquished Creatures
  2 dart slugs (D:1)
  3 bats (D:1)
  A giant cockroach (D:1)
  A goblin (D:1)
  2 hobgoblins (D:1)
  3 jackals (D:1)
  2 kobolds (D:1)
  3 quokkas (D:1)
  4 ball pythons (D:1)
  4 frilled lizards (D:1)
  4 rats (D:1)
29 creatures vanquished.

Notes
Turn   | Place    | Note
-------+----------+-------------------------------------------
     0 | D:1      | Destapler the Deep Dwarf Gladiator began the quest for the
                  | Orb.
     0 | D:1      | Reached XP level 1. HP: 19/19 MP: 1/1
    81 | D:1      | Reached XP level 2. HP: 19/26 MP: 2/2
   247 | D:1      | Reached skill level 1 in Stealth
   274 | D:1      | Reached skill level 1 in Armour
   508 | D:1      | Reached XP level 3. HP: 8/32 MP: 3/3
   527 | D:1      | Found a faded altar of an unknown god.
   541 | D:1      | Prayed at the altar of an unknown god.
   541 | D:1      | Became a worshipper of Qazlal Stormbringer
   541 | D:1      | Reached * piety under Qazlal
   578 | D:$      | Got out of the dungeon alive.

Illustrated notes

Levels and vault maps discovered:
D:1:      dpeg_arrival_tiny_b, layout_basic,
          hellmonk_ecumenical_altar_dog_temple, st_stairs_6

Skill      XL: |  1  2 |
---------------+-------+-----
Throwing       | 2 |  2.0
Stealth        | 1 |  1.2
Armour         | 1 |  1.0
Fighting       | 2 |  2.0
Axes           | |  3.6
Dodging        | |  3.6

Action                   || total
-------------------------++-------
Melee: War axe           ||    64
 Abil: Heal Wounds       ||     1
Armor: Leather armour    ||    29
Dodge: Dodged            ||    46
